 Dungeon Crawl Stone Soup version 0.22.0-38-g04b72b8 (webtiles) character file.

4387 Lew the Covert (level 10, -9/66 HPs)
             Began as an Octopode Fighter on Aug 30, 2018.
             Was a Priest of Dithmenos.
             Mangled by a troll (11 damage)
             ... on level 7 of the Dungeon.
             The game lasted 00:16:37 (6990 turns).

Lew the Covert (Octopode Fighter)                   Turns: 6990, Time: 00:16:37

Health: -9/66      AC:  1    Str: 17    XL:     10   Next: 35%
Magic:  0/22       EV: 15    Int: 11    God:    Dithmenos [***...]
Gold:   336        SH:  0    Dex: 13    Spells: 9/9 levels left

rFire    . . .     SeeInvis .   c - +12 glaive of Prune {chop}
rCold    + . .     Gourm    .   (shield currently unavailable)
rNeg     . . .     Faith    .   (helmet restricted)
rPois    .         Spirit   +   t - amulet of guardian spirit
rElec    .         Reflect  .   f - ring of resist corrosion
rCorr    +         Harm     .   l - ring of wizardry
MR       .....                  k - ring of magical power
Stlth    +++++++++.             (no ring)
HPRegen  0.21/turn              (no ring)
MPRegen  0.18/turn              (no ring)
                                (no ring)
                                (no ring)

@: hasted, wreathed by umbra, very quick
A: almost no armour, stealthy swim, amphibious, 8 rings, constrict 8, camouflage
1, cold resistance 1, gelatinous body 1
a: Shadow Step, Renounce Religion


You were on level 7 of the Dungeon.
You worshipped Dithmenos.
Dithmenos was most pleased with you.
You were not hungry.

You visited 1 branch of the dungeon, and saw 7 of its levels.

You collected 336 gold pieces.

Inventory:

Hand Weapons
 a - a +1 war axe
 c - the +12 glaive of Prune (weapon) {chop}
   (You acquired it on level 6 of the Dungeon)

   It inflicts extra damage upon your enemies.
Armour
 b - a +2 shield
Jewellery
 e - an uncursed amulet of magic regeneration
 f - a ring of resist corrosion (left tentacle)
 k - a ring of magical power (on tentacle)
 l - a ring of wizardry (right tentacle)
 q - an uncursed amulet of regeneration
 t - an amulet of guardian spirit (around mantle)
Wands
 y - a wand of polymorph (17)
Scrolls
 g - 4 scrolls of fog
 h - a scroll of amnesia
 o - 2 scrolls of teleportation
 r - a scroll of remove curse
 u - 3 scrolls of magic mapping
 x - a scroll of fear
Potions
 j - 2 potions of curing
 m - 2 potions of flight
 n - 2 potions of brilliance
 w - a potion of invisibility
Comestibles
 d - 12 rations


   Skills:
 - Level 5.0 Fighting
 - Level 5.3(6.0) Axes
 - Level 3.9(5.2) Polearms
 - Level 5.0 Dodging
 * Level 14.6 Stealth
 - Level 3.0 Shields
 - Level 5.0 Invocations


You had 9 spell levels left.
You didn't know any spells.
Your spell library was empty.

Dungeon Overview and Level Annotations

Branches:
Dungeon (7/15)             Temple (0/1) D:5

Altars:
Dithmenos
Elyvilon
Fedhas
Gozag
Kikubaaqudgha
Okawaru
Ru
Sif Muna
Wu Jian
Zin
The Shining One


Innate Abilities, Weirdness & Mutations

You cannot wear most types of armour.
You are very stealthy in the water. (Stealth+)
You are amphibious.
You can wear up to eight rings at the same time.
You can use your tentacles to constrict eight enemies at once.
Your skin changes colour to match your surroundings (Stealth+).
Your rubbery body absorbs attacks. (AC +1, EV +1)
Your flesh is cold resistant. (rC+)


Message History

You slash the yak!
The yak is almost dead.
The yak closely misses you. The yak misses you.
You slice the yak!!
You kill the yak!
Dithmenos accepts your kill. The troll misses you.
The troll closely misses you. x2
You slash the troll!
The troll is moderately wounded.
The troll closely misses you. The troll claws you!
The troll closely misses you.
You slash the troll!
The troll is severely wounded.
The troll closely misses you. The troll claws you!
* * * LOW HITPOINT WARNING * * *
The troll barely misses you. The troll bites you!!
* * * LOW HITPOINT WARNING * * *
The troll closely misses you. The troll misses you.
You feel yourself speed up. The troll misses you. The troll claws you!
You die... .....## #..#..#.(.#..#...# ......########.#.###(###)#.###### ...............#..#..(†..#....... .###.#####.#########.#########.## .# #.#.......## #.# #....... ## #.#..###...# ##)# #.###Z## #.#.# ##..## ..#. ooo

#.#.# #...###.##..## #.o.#
####...# #....@TD...... [.o.(
...#.#.##.....####T.##.## ##o..#
##.#.#..##...## ..# )...(
...#.#...#####.# ##.# #.######
...#)##........# #.# #.......
##.#.#####.#########.#########.##
...#...........#.........#.......
......########.#.## ##..#.######
.........)..##.#.#.###.#.#.#


You could see 2 trolls and an acid dragon.

Vanquished Creatures
  Pikel (D:6)
  An ugly thing (D:7)
  The ghost of bli the Skirmisher, an amateur DrWn (D:4)
  A troll (D:7)
  A yak (D:7)
  A water moccasin (D:7)
  2 ice beasts
  3 orc warriors
  2 sky beasts (D:6)
  4 slaves (D:6)
  A black bear (D:6)
  2 ogres
  2 phantoms
  A centaur (D:6)
  3 bullfrogs (D:6)
  A gnoll sergeant (D:7)
  3 scorpions
  5 wights (D:7)
  A centaur zombie (D:7)
  7 crimson imps
  2 bullfrog zombies (D:6)
  3 hounds
  3 orc priests
  A centaur skeleton (D:6)
  2 orc wizards
  A bullfrog skeleton (D:5)
  2 iguanas (D:4)
  7 worker ants
  2 hound zombies
  2 hound skeletons
  4 gnolls
  3 adders
  2 shadow imps
  3 oozes
  An adder skeleton (D:5)
  An adder zombie (D:6)
  2 dart slugs (D:1)
  5 leopard geckos
  24 orcs
  5 bats
  4 giant cockroaches
  3 goblins (D:2)
  6 hobgoblins
  4 jackals (D:4)
  2 quokkas
  6 frilled lizards
  9 kobolds
  A quokka skeleton (D:4)
  3 rats
156 creatures vanquished.

Vanquished Creatures (others)
  A human (D:6)
1 creature vanquished.

Grand Total: 157 creatures vanquished

Notes
Turn   | Place    | Note
-------+----------+-------------------------------------------
     0 | D:1      | Lew the Octopode Fighter began the quest for the Orb.
     0 | D:1      | Reached XP level 1. HP: 16/16 MP: 1/1
   106 | D:1      | Reached skill level 1 in Stealth
   147 | D:1      | Reached XP level 2. HP: 19/21 MP: 2/2
   196 | D:1      | Reached skill level 2 in Stealth
   254 | D:1      | Reached XP level 3. HP: 26/26 MP: 3/3
   764 | D:2      | Found a faded altar of an unknown god.
  1163 | D:2      | Became a worshipper of Dithmenos the Shadowed
  1163 | D:2      | Reached * piety under Dithmenos
  1291 | D:2      | Reached skill level 3 in Stealth
  1600 | D:3      | Reached XP level 4. HP: 31/31 MP: 4/4
  1662 | D:3      | Found an iron altar of Okawaru.
  1936 | D:4      | Reached skill level 4 in Stealth
  1938 | D:4      | Reached XP level 5. HP: 21/36 MP: 5/5
  2047 | D:4      | Reached ** piety under Dithmenos
  2226 | D:4      | Reached skill level 5 in Stealth
  2514 | D:4      | Reached XP level 6. HP: 40/43 MP: 6/6
  3251 | D:4      | Found an opulent altar of Gozag.
  3252 | D:4      | Found a runed gate.
  3252 | D:4      | Found a runed gate.
  3252 | D:4      | Found a runed gate.
  3253 | D:4      | Noticed bli's ghost (amateur DrWn)
  3430 | D:4      | Reached skill level 6 in Stealth
  3431 | D:4      | Killed bli's ghost
  3431 | D:4      | Reached skill level 7 in Stealth
  3431 | D:4      | Reached XP level 7. HP: 40/49 MP: 7/7
  3505 | D:5      | Entered Level 5 of the Dungeon
  3712 | D:5      | Reached XP level 8. HP: 54/54 MP: 8/8
  3758 | D:5      | Found a glowing golden altar of the Shining One.
  3758 | D:5      | Found a white marble altar of Elyvilon.
  3758 | D:5      | Found a glowing silver altar of Zin.
  3801 | D:5      | Reached skill level 8 in Stealth
  3819 | D:5      | Found a sacrificial altar of Ru.
  3959 | D:5      | Reached skill level 5 in Fighting
  3959 | D:5      | Reached skill level 5 in Dodging
  4042 | D:5      | Found a blossoming altar of Fedhas.
  4104 | D:5      | Found a staircase to the Ecumenical Temple.
  4378 | D:6      | Found a deep blue altar of Sif Muna.
  4475 | D:6      | Identified a scroll of acquirement
  4476 | D:6      | Found the +12 glaive of Prune {chop}
  4509 | D:6      | Reached skill level 1 in Invocations
  4792 | D:6      | Noticed Pikel
  4802 | D:6      | Killed Pikel
  4802 | D:6      | Reached skill level 5 in Axes
  4802 | D:6      | Reached skill level 10 in Stealth
  4837 | D:6      | Reached XP level 9. HP: 55/61 MP: 11/11
  4895 | D:6      | Found an ornate altar of the Wu Jian Council.
  4918 | D:6      | Found an ancient bone altar of Kikubaaqudgha.
  5003 | D:6      | Reached skill level 11 in Stealth
  5039 | D:6      | Reached *** piety under Dithmenos
  5341 | D:6      | Reached skill level 12 in Stealth
  5347 | D:6      | Reached skill level 1 in Polearms
  5760 | D:7      | Reached skill level 5 in Invocations
  6205 | D:7      | Noticed an orc knight
  6384 | D:7      | Reached skill level 13 in Stealth
  6385 | D:7      | Noticed a troll
  6393 | D:7      | Killed a troll
  6393 | D:7      | Reached XP level 10. HP: 44/66 MP: 13/13
  6568 | D:7      | Noticed a brown ugly thing
  6579 | D:7      | Killed a brown ugly thing
  6579 | D:7      | Reached skill level 14 in Stealth
  6940 | D:7      | Gained mutation: Your muscles are strong. (Str +2) [potion of mutation]
  6940 | D:7      | Lost mutation: Your muscles are strong. (Str +2) [potion of mutation]
  6940 | D:7      | Gained mutation: Your flesh is cold resistant. (rC+) [potion of mutation]
  6989 | D:7      | HP: 1/66 [troll (12)]
  6990 | D:7      | Mangled by a troll

Skill      XL: |  1  2  3  4  5  6  7  8  9 10 |
---------------+-------------------------------+-----
Stealth        | 1 2 3 4 5 7 10 13 14 | 14.6
Axes           | 3 4 5 |  5.3
Fighting       | 4 5 |  5.0
Dodging        | 4 5 |  5.0
Invocations    | 3 5 |  5.0
Polearms       | 3 |  3.9
Shields        | |  3.0

Action                   |  1- 3 |  4- 6 |  7- 9 | 10-12 || total
-------------------------+-------+-------+-------+-------++-------
Melee: War axe           |    64 |    75 |    40 |       ||   179
       Tentacles         |     9 |    18 |    22 |     5 ||    54
       Constrict         |    12 |    19 |    19 |     8 ||    58
       Glaive            |       |       |    98 |    42 ||   140
Invok: Shadow Step       |       |       |     1 |       ||     1
  Use: Scroll            |       |     9 |    12 |     2 ||    23
       Potion            |       |     6 |       |     2 ||     8
 Stab: Sleeping          |    13 |     7 |    27 |     1 ||    48
       Distracted        |       |       |     3 |       ||     3
  Eat: Chunk             |     2 |     1 |     1 |       ||     4
       Ration            |       |     1 |     3 |     1 ||     5
Armor: Skin              |     4 |     4 |     4 |     1 ||    13
Dodge: Dodged            |    30 |    53 |    82 |    42 ||   207
Block: Shield            |    21 |    35 |    21 |       ||    77
